cohdb
Replays
Latest Replays
All Replays
Popular Replays
Top Player Replays
Match Explorer
How It Works
Community
CoH3 Stats
Reddit
Sign in to upload your games and track your stats! →
Sign in with Steam
Match 43800331
Unlisted
Match 43800331
Overview
Messages
Build Orders
End
Kettenkrad Recon Vehicle
Construct Infanterie Kompanie
MG 42 Machine Gun Team
Grenadier Squad
Grenadier Squad
Selects Terror Battlegroup
Selects Machine Gun Camouflage
MG 42 Machine Gun Team
Construct Panzergrenadier Kompanie
Infanterie Officer Quarters
Panzergrenadier Squad
Pioneer Squad
Medical Station
Panzergrenadier Squad
MG 42 Machine Gun Team
251 Medium Carrier
Support Elements
StuG III G Assault Gun
Nebelwerfer 42 Rocket Launcher Team
Pioneer Squad
StuG III G Assault Gun
Selects No Quarter
Selects Contempt for the Weak
Selects Propaganda Leaflet Drop
MG 42 Machine Gun Team
251 Medium Carrier
StuG III G Assault Gun
MG 42 Machine Gun Team
Pioneer Squad
Propaganda Leaflet Drop
Selects V1 Rocket Strike
Panzergrenadier Squad
V1 Rocket Strike
Pioneer Squad
Nebelwerfer 42 Rocket Launcher Team
StuG III G Assault Gun
Grenadier Squad
251 Medium Carrier
V1 Rocket Strike
StuG III G Assault Gun
Panzergrenadier Squad
StuG III G Assault Gun
Selects King Tiger Heavy Tank
Pak 40 Anti-tank Gun Team
ßoo
Tactical Nuclear Cow
Fahaxiki
ALLEN
0
0
Comments
sign in to comment!
No comments posted yet!